 Dungeon Crawl Stone Soup version 0.15-a0-717-ga3c592f (webtiles) character file.

11 MrRokkomies the Vexing (level 2, 0/13 HPs)
             Began as a Spriggan Enchanter on May 10, 2014.
             Slain by a quokka (3 damage)
             ... on Level 2 of the Dungeon.
             The game lasted 00:01:41 (746 turns).

MrRokkomies the Vexing (Spriggan Enchanter)          Turns: 746, Time: 00:01:41

HP   0/13        AC  5     Str  4      XL: 2   Next: 13%
MP   5/7         EV 18     Int 16      God:
Gold 88          SH  0     Dex 16      Spells:  2 memorised,  3 levels left

rFire  . . .     SeeInvis +     a - +1,+2 dagger
rCold  . . .     Clarity  .     b - +1 robe
rNeg   . . .     Conserve .     (shield restricted)
rPois  .         rCorr    .     (helmet restricted)
rElec  .         rRot     .     g - +1 cloak
SustAb . .       Spirit   .     (gloves unavailable)
rMut   .         Warding  .     (boots unavailable)
Gourm  .         Stasis   .     (no amulet)
MR     .....                    (no ring)
                                (no ring)

@: very quick, not resistant to hostile enchantments, fairly stealthy
A: unfitting armour, see invisible, herbivore 3, speed 3, slow metabolism 2
a: no special abilities


You were on level 2 of the Dungeon.
You were not hungry.

You visited 1 branch of the dungeon, and saw 2 of its levels.

You collected 88 gold pieces.

Inventory:

Hand weapons
 a - a +1,+2 dagger (weapon)
Missiles
 d - 12 darts (quivered)
Armour
 b - a +1 robe (worn)
 g - a +1 cloak (worn)
Comestibles
 l - 11 sultanas
Scrolls
 h - a scroll of identify {unknown}
 i - a scroll of remove curse
Potions
 e - a potion of porridge
 f - a potion of invisibility {unknown}
 j - a potion of curing {unknown}
 k - a potion of heal wounds {unknown}
 n - a potion of brilliance {unknown}
Books
 c - a book of Maledictions

   Spells                             Type                      Level
   *Corona                            Hexes                        1
   Sure Blade                         Hexes/Charms                 2
   *Ensorcelled Hibernation           Hexes/Ice                    2
   Confuse                            Hexes                        3
   Dazzling Spray                     Conjuration/Hexes            3
   Enslavement                        Hexes                        4


   Skills:
 * Level 1.5 Short Blades
 - Level 1.1 Throwing
 - Level 3.0 Dodging
 - Level 3.0 Stealth
 - Level 2.6 Spellcasting
 + Level 4.2 Hexes


You had 3 spell levels left.
You knew the following spells:

 Your Spells              Type           Power        Failure   Level  Hunger
a - Corona                Hex            ###....      4%          1    #......
b - Ensorcelled Hibernat  Hex/Ice        #.....       14%         2    ##.....


Dungeon Overview and Level Annotations

Branches:
Dungeon (2/15)

Altars:


Innate Abilities, Weirdness & Mutations

You are tiny and cannot use many weapons and most armour.
You have supernaturally acute eyesight.
You are a herbivore.
You cover ground extremely quickly.
You need consume almost no food.


Message History

You closely miss the quokka. The quokka bites you.
You closely miss the quokka. The quokka misses you.
You barely miss the quokka. The quokka misses you.
You hit the quokka.
The quokka is moderately wounded.
The quokka misses you.
You closely miss the quokka.
The quokka is moderately wounded.
The quokka bites you.
* * * LOW HITPOINT WARNING * * *
The quokka misses you.
The rat twitches its whiskers.
There are monsters nearby!
Cast which spell? (? or * to list)
Aiming: Ensorcelled Hibernation
Press: ? - help, Shift-Dir - straight line, f - quokka
Aim: a quokka (moderately wounded)
The quokka resists with significant effort.
The quokka bites you.
You die...

### ######### ..# #........ #.#
#.# ## .######.# #.# ##.
.........######### #.# ##.#
...........r.r@..#### #.# #..#
#######..#######....###.####..#
#..# #..#..........#. #..#
#....###.#####.# #..#
###.#.###........# #...
...........#####.# .#.#
###.).....## ##. ...#
#########.### ## ...
...........# ####


You could see a quokka and a rat.

Vanquished Creatures
  3 bats
  A giant cockroach (D:2)
  A goblin (D:1)
  2 hobgoblins (D:2)
  A quokka (D:2)
  A ball python (D:1)
  A giant newt (D:1)
10 creatures vanquished.

Notes
Turn   | Place    | Note
--------------------------------------------------------------
     0 | D:1      | MrRokkomies, the Spriggan Enchanter, began the quest for the Orb.
     0 | D:1      | Reached XP level 1. HP: 9/9 MP: 4/4
   555 | D:2      | Reached skill level 4 in Hexes
   585 | D:2      | Reached XP level 2. HP: 13/13 MP: 7/7
   596 | D:2      | Learned a level 2 spell: Ensorcelled Hibernation
   746 | D:2      | Slain by a quokka

Action                   || total
-------------------------++-------
Melee: Dagger            ||    33
 Cast: Ensorcelled Hiber ||     1
  Use: Scroll            ||     4
 Stab: Sleeping          ||     4
